cohdb
Replays
Latest Replays
All Replays
Popular Replays
Top Player Replays
Match Explorer
How It Works
Community
CoH3 Stats
Reddit
Sign in to upload your games and track your stats! →
Sign in with Steam
Match 43698510
Unlisted
Match 43698510
Overview
Messages
Build Orders
End
Royal Engineer Section
Construct Section Command Post
Vickers Machine Gun Team
Infantry Section
Infantry Section
Infantry Section
Construct Field Infirmary
Selects Canadian Shock Battlegroup
Selects Attacking Spirit
Selects Canadian Shock Section
Canadian Shock Section
Construct Platoon Command Post
Selects Incendiary Munitions
Selects Burnout
6-pounder Anti-tank Gun Team
Burnout
Unlock M3 Stuart Light Tanks
M3 Stuart Light Tank
Selects Pyrotechnics
Selects Smoke Operation
6-pounder Anti-tank Gun Team
M3 Stuart Light Tank
CMP 15cwt Truck
SlayerY
goa_molina
0
0
Comments
sign in to comment!
No comments posted yet!